 Dungeon Crawl Stone Soup version 0.17.1-3-g152610e (webtiles) character file.

414 ereals the Skirmisher (level 6, -12/61 HPs)
             Began as a Naga Fighter on Mar 17, 2016.
             Killed from afar by Dowan (19 damage)
             ... with a shard of ice
             ... on level 4 of the Dungeon.
             The game lasted 00:12:24 (2646 turns).

ereals the Skirmisher (Naga Fighter)                Turns: 2646, Time: 00:12:26

Health: -12/61     AC:  4    Str: 26    XL:     6   Next: 91%
Magic:  6/6        EV:  9    Int:  8    God:
Gold:   141        SH:  0    Dex: 10    Spells: 0 memorised, 5 levels left

rFire  . . .     SeeInvis +     n - +0 scythe
rCold  . . .     Clarity  .     o - +1 robe {MR+}
rNeg   . . .     SustAt   .     (shield currently unavailable)
rPois  +         Gourm    .     (no helmet)
rElec  .         Spirit   .     (no cloak)
rCorr  .         Warding  .     (no gloves)
rMut   .         Stasis   .     (no barding)
MR     ++...                    (no amulet)
Stlth  +++.......               (no ring)
                                q - ring of protection from magic

@: mighty, very slow, very resistant to hostile enchantments, fairly stealthy
A: see invisible, deformed body, poison resistance, slowness 2, slow metabolism
1, spit poison 2, AC +2
a: Spit Poison


You were on level 4 of the Dungeon.
You were hungry.

You visited 1 branch of the dungeon, and saw 4 of its levels.

You collected 141 gold pieces.

Inventory:

Hand Weapons
 a - a +0 trident
 n - a +0 scythe (weapon)
Armour
 b - a +1 scale mail
 c - a +0 shield
 o - a +1 robe of magic resistance (worn)
Jewellery
 q - a ring of protection from magic (left hand)
Wands
 i - a wand of disintegration (6)
 m - a wand of slowing (25)
Scrolls
 f - a scroll of remove curse
 h - a scroll of enchant armour
 p - a scroll of fog
 s - a scroll of teleportation
 t - a scroll of identify {unknown}
Potions
 d - 2 potions of might
 g - a potion of mutation {unknown}
 k - a potion of cancellation {unknown}
 l - 5 potions of flight {unknown}
 v - a potion of heal wounds {unknown}
 w - a potion of curing {unknown}
Books
 j - a book of the Tempests

   Spells                             Type                      Level
   a - Static Discharge               Conjuration/Air              3
   b - Lightning Bolt                 Conjuration/Air              5
   c - Fireball                       Conjuration/Fire             5
   d - Tornado                        Air                          9
   e - Shatter                        Earth                        9
Comestibles
 e - 3 bread rations
 u - a meat ration


   Skills:
 - Level 5.0 Fighting
 - Level 5.0 Polearms
 - Level 2.4 Armour
 + Level 4.5 Stealth
 - Level 2.4 Shields


You had 5 spell levels left.
You didn't know any spells.

Dungeon Overview and Level Annotations

Branches:
Dungeon (4/15)
 Temple: D:4-7

Altars:
Dithmenos

Annotations:
D:4 Dowan


Innate Abilities, Weirdness & Mutations

You cannot wear boots.
Your serpentine skin is tough (AC +2).
You have supernaturally acute eyesight.
Armour fits poorly on your strangely shaped body.
Your system is resistant to poisons.
You cover ground very slowly.
You have a slow metabolism.
You can spit poison.


Message History

Duvessa hits you with a rapier!
* * * LOW HITPOINT WARNING * * *
Duvessa says, "When magic and the sword combine, nothing stands against them."
Duvessa completely misses you.
Drink which item? (? for menu, Esc to quit)
You feel very mighty all of a sudden. Duvessa barely misses you.
You slash Duvessa!
You kill Duvessa!
Dowan seems overcome with grief, but rights himself reflexively soon after.
Dowan seems to find hidden reserves of power!
Your Stealth skill gained 3 levels and is now at level 4!
Dowan picks up 2 glowing purple potions.
You miss Dowan.
Dowan is lightly wounded.
You have got your breath back.
Dowan hits you but does no damage.
Dowan points at you and mumbles some strange words.
The shard of ice hits you!
You die...

### #.# #.. #.# # #.# ######.#
#<# ######### #..>...#
#.######.......######......#
<......+.......e@..........#
.#######.......####...(.......
.......+.......'..+........#e.
########.......####....#+#(# .
......#...........+....# .#
#####.#.###########....# #
#.#.# #....# #.#.# #....#
#.#'####


You could see Dowan.

Vanquished Creatures
  Sigmund (D:2)
  Duvessa (D:4)
  Natasha (thrice) (D:2 D:3)
  6 adders
  2 giant geckos
  An orc (D:3)
  9 bats
  5 giant cockroaches
  10 goblins
  7 hobgoblins
  5 jackals
  4 quokkas
  3 giant newts
  5 kobolds
  11 rats
73 creatures vanquished.

Notes
Turn   | Place    | Note
--------------------------------------------------------------
     0 | D:1      | ereals the Naga Fighter began the quest for the Orb.
     0 | D:1      | Reached XP level 1. HP: 21/21 MP: 1/1
   237 | D:1      | Reached XP level 2. HP: 28/28 MP: 2/2
   806 | D:1      | Reached XP level 3. HP: 32/34 MP: 3/3
  1507 | D:2      | Reached XP level 4. HP: 43/43 MP: 4/4
  1509 | D:2      | Noticed Natasha
  1513 | D:2      | Killed Natasha
  1543 | D:2      | Found a shadowy altar of Dithmenos.
  1564 | D:2      | Reached skill level 4 in Fighting
  1611 | D:2      | Noticed Sigmund
  1627 | D:2      | Killed Sigmund
  1627 | D:2      | Reached skill level 5 in Fighting
  1627 | D:2      | Reached XP level 5. HP: 41/52 MP: 5/5
  1627 | D:2      | Reached XP level 6. HP: 48/61 MP: 6/6
  2143 | D:3      | Reached skill level 5 in Polearms
  2343 | D:3      | Noticed Natasha
  2345 | D:3      | Killed Natasha
  2345 | D:3      | Reached skill level 1 in Stealth
  2458 | D:3      | Noticed Natasha
  2459 | D:3      | Killed Natasha
  2622 | D:4      | Noticed Dowan
  2623 | D:4      | Noticed Duvessa
  2645 | D:4      | Killed Duvessa
  2646 | D:4      | Killed from afar by Dowan

Action                   |  1- 3 |  4- 6 || total
-------------------------+-------+-------++-------
Melee: Trident           |    88 |    24 ||   112
       Scythe            |       |    71 ||    71
 Abil: Spit Poison       |    24 |    27 ||    51
  Use: Scroll            |     5 |     1 ||     6
       Potion            |       |     1 ||     1
 Stab: Sleeping          |       |     2 ||     2
  Eat: Chunk             |     3 |     4 ||     7
